 Dungeon Crawl Stone Soup version 0.31-a0-618-g7ca08c1ff9 (webtiles) character file.

Game seed: 6226378897010772124

175 Dittersdorf the Trooper (level 5, -1/34 HPs)
             Began as a Gargoyle Fighter on Aug 22, 2023.
             Slain by an ogre
             ... wielding a +0 giant club
              (22 damage)
             ... on level 4 of the Dungeon.
             The game lasted 00:03:32 (3095 turns).

Dittersdorf the Trooper (Gargoyle Fighter)          Turns: 3095, Time: 00:03:32

Health: -1/34      AC: 20    Str: 21    XL:     5   Next: 55%
Magic:  5/5        EV:  8    Int:  9    God:
Gold:   110        SH:  4    Dex:  9    Spells: 4/4 levels left

rFire   . . .        m - +0 flail (protect)
rCold   + . .        c - +0 buckler
rNeg    + . .        o - +0 chain mail
rPois   ∞            (no helmet)
rElec   +            (no cloak)
rCorr   .            (no gloves)
SInv    .            (no boots)
Will    .....        (no amulet) Stlth
                     i - ring of protection from cold
HPRegen 0.25/turn    (no ring)
MPRegen 0.09/turn

%: no passive effects
@: under a protective aura
A: sickness immunity, AC +4, negative energy resistance 1, electricity
resistance, torment resistance 1, petrification resistance
a: no special abilities


You were on level 4 of the Dungeon.
You visited 1 branch of the dungeon, and saw 4 of its levels.

You collected 110 gold pieces.

Inventory:

Hand Weapons
 m - a +0 flail of protection (weapon)
Missiles
 h - 5 poisoned darts (quivered)
Armour
 c - a +0 buckler (worn)
 o - a +0 chain mail (worn)
Jewellery
 i - a ring of protection from cold (left hand)
Scrolls
 a - a scroll of poison {unknown}
 b - a scroll of vulnerability {unknown}
 e - 6 scrolls of identify {unknown}
 f - a scroll of amnesia {unknown}
 l - 2 scrolls of fog {unknown}
 n - 4 scrolls of teleportation {unknown}
 r - a scroll of revelation {unknown}
Potions
 d - 2 potions of might
 g - a potion of mutation {unknown}
 j - a potion of curing {unknown}
 k - a potion of brilliance {unknown}
 p - 2 potions of lignification {unknown}
 s - a potion of heal wounds {unknown}


   Skills:
 + Level 4.4 Fighting
 + Level 3.2 Maces & Flails
 + Level 4.3 Armour
 + Level 4.3 Shields


You had 4 spell levels left.
You didn't know any spells.
Your spell library contained the following spells:

 Spells                   Type           Power      Damage    Failure   Level
 Shock                    Conj/Air       0%         1d3       98%         1
 Lesser Beckoning         Tloc           0%         N/A       99%         2
 Dazzling Flash           Conj/Hex       0%         N/A       100%        3
 Gell's Gravitas          Tloc           0%         N/A       100%        3
 Swiftness                Air            0%         N/A       100%        3
 Teleport Other           Tloc           0%         N/A       100%        3
 Tukima's Dance           Hex            0%         N/A       100%        3
 Airstrike                Air            0%         2d(0-16)  100%        4
 Passage of Golubria      Tloc           0%         N/A       100%        4
 Agony                    Necr           0%         N/A       100%        5
 Silence                  Hex/Air        0%         N/A       100%        5
 Yara's Violent Unravell  Hex/Tmut       0%         3d3       100%        5


Dungeon Overview and Level Annotations

Branches:
Dungeon (4/15)
 Temple: D:4-7

Altars:
Dithmenos
Trog
Uskayaw
Xom

Shops:
D:2 !


Innate Abilities, Weirdness & Mutations

You are immune to sickness and miasma.
Your stone body is resilient. (AC +4)
You are immune to poison.
You resist negative energy. (rN+)
You are resistant to electric shocks. (rElec)
You are resistant to unholy torment.
You are immune to petrification.


Message History

* * * LOW HITPOINT WARNING * * *
You are too injured to fight recklessly!
You are too injured to fight recklessly!
You are too injured to fight recklessly!
You are too injured to fight recklessly!
You are too injured to fight recklessly!
You are too injured to fight recklessly!
You are too injured to fight recklessly!
You are too injured to fight recklessly!
You are too injured to fight recklessly!
You are too injured to fight recklessly!
You are too injured to fight recklessly!
You are too injured to fight recklessly!
You are too injured to fight recklessly!
You are too injured to fight recklessly!
You are too injured to fight recklessly!
You are too injured to fight recklessly!
You are too injured to fight recklessly!
There is a stone staircase leading up here.
You climb upwards.
There is a stone staircase leading down here.
Your +0 flail of protection hums with potential!
m - a +0 flail of protection (weapon)
You start resting.
HP restored.
You drop a +6 whip.
You climb downwards.
You block the ogre's attack.
There is a stone staircase leading up here.
You sock the ogre!
Your weapon exudes an aura of protection.
The ogre is heavily wounded.
The ogre hits you with a +0 giant club!
You hit the ogre.
The ogre is severely wounded.
The ogre barely misses you.
You barely miss the ogre.
The ogre is severely wounded.
The ogre hits you with a +0 giant club!!
Ouch! That really hurt!
You die...

##### #...#
#.#.#########
####.#.#.#@O.....#
#....#...##....#.#
#.# #...##.##.#.#
#.# ##..##.##...#
#.#####.....(#####
#............#
###.#.#._.#..#
#..........#
############


You could see an ogre.

Vanquished Creatures
  A scorpion (D:3)
  6 adders
  A gnoll (D:1)
  A dart slug (D:3)
  An orc (D:3)
  5 ball pythons
  5 endoplasms
  3 giant cockroaches
  4 goblins
  3 hobgoblins
  7 kobolds
  2 bats (D:1)
  4 frilled lizards
  4 rats
47 creatures vanquished.

Notes
Turn   | Place    | Note
-------+----------+-------------------------------------------
     0 | D:1      | Dittersdorf the Gargoyle Fighter began the quest for the
                  | Orb.
     0 | D:1      | Reached XP level 1. HP: 14/14 MP: 1/1
   238 | D:1      | Found a faded altar of an unknown god.
   241 | D:1      | Reached XP level 2. HP: 19/19 MP: 2/2
   475 | D:1      | Reached XP level 3. HP: 7/23 MP: 3/3
  1115 | D:2      | Found Poymue's Distillery.
  1665 | D:2      | Reached XP level 4. HP: 21/29 MP: 4/4
  2302 | D:3      | Found a shadowy altar of Dithmenos.
  2567 | D:3      | Found a hide-covered altar of Uskayaw.
  2567 | D:3      | Found a shimmering altar of Xom.
  2741 | D:3      | Noticed a scorpion
  2751 | D:3      | Killed a scorpion
  2752 | D:3      | Reached XP level 5. HP: 32/34 MP: 5/5
  2946 | D:4      | Found a bloodstained altar of Trog.
  2978 | D:4      | Noticed an ogre
  3095 | D:4      | Slain by an ogre

Illustrated notes

Levels and vault maps discovered:
D:1:      dpeg_arrival_rooms_b, layout_basic,
          hellmonk_ecumenical_altar_inner_sanctum
D:2:      layout_basic, serial_shops, nicolae_square_shop
D:3:      layout_loops_cross, mainiacjoe_overflow_divided_tiny,
          grunt_dithmenos_smoke
D:4:      layout_basic, mainiacjoe_overflow_tiny_flanked, serial_shops,
          nicolae_shop_stone, nicolae_shop_mannequins,
          nicolae_shop_pleasant_corner_grove, nicolae_shop_trees,
          kennysheep_generic_room_9

Skill      XL: |  1  2  3  4 |
---------------+-------------+-----
Fighting       | 4 |  4.4
Armour         | 4 |  4.3
Shields        | 4 |  4.3
Maces & Flails | 3 |  3.2

Action                     |  1- 3 |  4- 6 || total
---------------------------+-------+-------++-------
  Melee: Flail             |   127 |    14 ||   141
         Whip              |       |    42 ||    42
 Armour: Scale mail        |    54 |       ||    54
         Chain mail        |    27 |    25 ||    52
  Dodge: Dodged            |    66 |    17 ||    83
  Block: Buckler           |    29 |    13 ||    42

Table legend: (Time is in decaauts)
 A = Elapsed time spent in this place.
 B = Non-inter-level travel time spent in this place.
 C = Inter-level travel time spent in this place.
 D = Time resting spent in this place.
 E = Time spent auto-exploring this place.
 F = Levels seen in this place.
 G = Mean time per level.
                   A        B        C        D        E       F      G
               +--------+--------+--------+--------+--------+-----+--------+
         Total |   3136 |   2896 |    240 |    165 |   2247 |   4 |  784.0 |
       Dungeon |   3136 |   2896 |    240 |    165 |   2247 |   4 |  784.0 |
               +--------+--------+--------+--------+--------+-----+--------+

Top non-repeatable levels by time:
     D:2: 1330 daAuts
     D:1: 947 daAuts
     D:3: 797 daAuts
     D:4: 59 daAuts
